 Dungeon Crawl Stone Soup version 0.31-a0-1074-g0b22e4e0f1 (webtiles) character file.

Game seed: 7253177931432175955

605 strifetoe the Magician (level 7, 0/50 HPs)
             Began as a Djinni Hedge Wizard on Dec 8, 2023.
             Slain by a wight
             ... wielding a +0 hand axe
              (4 damage)
             ... on level 4 of the Dungeon.
             The game lasted 00:06:50 (3619 turns).

strifetoe the Magician (Djinni Hedge Wizard)        Turns: 3619, Time: 00:06:50

Health: 0/50       AC:  3    Str:  9    XL:     7   Next: 70%
Gold:   291        EV: 12    Int: 17    God:
                   SH:  0    Dex: 13

rFire   + + .        a - +0 dagger
rCold   x . .        (no shield)
rNeg    . . .        b - +0 robe
rPois   ∞            n - +0 helmet
rElec   .            (no cloak)
rCorr   .            (no gloves)
SInv    .            (boots unavailable)
Will    .....        (no amulet)
Stlth   ++           (no ring)
HPRegen 0.28/turn    (no ring)
MPRegen 0.00/turn

%: infuse magic (-1 HP)
@: flying
A: sickness immunity, fire resistance 2, cold vulnerability 1, float, innate
caster, HP casting, extra vitality 1
a: no special abilities


You were on level 4 of the Dungeon.
You visited 1 branch of the dungeon, and saw 5 of its levels.

You collected 291 gold pieces.

Inventory:

Hand Weapons
 a - a +0 dagger (weapon)
 f - a +1 dagger of flaming
Armour
 b - a +0 robe (worn)
 c - a +0 hat
 n - a +0 helmet (worn)
Talismans
 j - a serpent talisman
Wands
 g - a wand of roots (3)
Scrolls
 d - 4 scrolls of identify
 p - a scroll of enchant weapon {unknown}
 r - a scroll of immolation {unknown}
Potions
 e - a potion of ambrosia
 h - 2 potions of invisibility
 i - a potion of attraction
 k - a potion of berserk rage
 l - a potion of magic
 m - a potion of brilliance {unknown}
 o - a potion of lignification {unknown}
 q - 2 potions of curing {unknown}
 s - 2 potions of degeneration {unknown}


   Skills:
 + Level 3.6 Fighting
 + Level 2.8 Armour
 - Level 2.1 Dodging
 - Level 2.3 Stealth
 - Level 5.0 Spellcasting
 - Level 5.0 Conjurations
 - Level 5.0 Hexes
 - Level 5.0 Summonings
 - Level 5.0 Necromancy
 - Level 5.0 Translocations
 - Level 5.0 Transmutations
 - Level 5.0 Fire Magic
 - Level 5.0 Ice Magic
 - Level 5.0 Air Magic
 - Level 5.0 Earth Magic
 - Level 5.0 Poison Magic


You knew the following spells:

 Your Spells              Type           Power      Damage    Failure   Level
a - Magic Dart            Conj           84%        1d7       1%          1
b - Slow                  Hex            84%        N/A       1%          1
c - Blink                 Tloc           42%        N/A       2%          2
d - Call Imp              Summ           42%        N/A       2%          2
e - Mephitic Cloud        Conj/Pois/Air  21%        N/A       5%          3
f - Necrotise             Necr           84%        1d8       1%          1
g - Searing Ray           Conj           42%        2d6       2%          2
h - Summon Guardian Gole  Hex/Summ       21%        N/A       5%          3
Your spell library was empty.

Dungeon Overview and Level Annotations

Branches:
Dungeon (5/15)
 Temple: D:4-7

Altars:
Nemelex Xobeh
The Shining One

Shops:
D:3 =

Annotations:
D:4 1 runed translucent door, insertapun's ghost, amateur OpSh


Innate Abilities, Weirdness & Mutations

You are immune to sickness and miasma.
You are immune to poison.
Your flesh is very heat resistant. (rF++)
You are vulnerable to cold. (rC-)
You float through the air rather than walking.
You learn spells naturally, not from books.
Your magical power is your life essence.
You have superior vitality. (+4 MHP)


Message History

Casting: Searing Ray (safe; 2% risk of failure)
Confirm with . or Enter, or press ? or * to list all spells.
Restarting spell: Searing Ray (safe; 2% risk of failure)
Press: ? - help, Shift-Dir - straight line, f/p - wight
Aim: a wight, wielding a +0 hand axe and wearing a +0 robe (moderately damaged, ally target, 78% to hit)
The searing ray hits the wight but does no damage.
The wight is moderately damaged. (Press . to maintain the ray.)
The wight barely misses you.
The wight hits your cerulean imp with a +0 hand axe!
Your cerulean imp dies!
Your cerulean imp disappears in a puff of smoke!
Casting: Searing Ray (safe; 2% risk of failure)
Confirm with . or Enter, or press ? or * to list all spells.
Restarting spell: Searing Ray (safe; 2% risk of failure)
Press: ? - help, Shift-Dir - straight line, f/p - wight
Aim: a wight, wielding a +0 hand axe and wearing a +0 robe (moderately damaged, 78% to hit)
The searing ray hits the wight.
The wight is heavily damaged. (Press . to maintain the ray.)
The wight hits you with a +0 hand axe.
Casting: Searing Ray (safe; 2% risk of failure)
Confirm with . or Enter, or press ? or * to list all spells.
Restarting spell: Searing Ray (safe; 2% risk of failure)
Press: ? - help, Shift-Dir - straight line, f/p - wight
Aim: a wight, wielding a +0 hand axe and wearing a +0 robe (heavily damaged, 78% to hit)
The searing ray misses the wight. (Press . to maintain the ray.)
The wight hits you with a +0 hand axe. The wight hits you with a +0 hand axe.
You fly upwards.
Level annotation: 1 runed translucent door, insertapun's ghost, amateur OpSh
There is a stone staircase leading down here.
Unknown command.
The wight hits you with a +0 hand axe.
* * * LOW HITPOINT WARNING * * *
The wight attacks as it pursues you! The wight hits you with a +0 hand axe!
* * * LOW HITPOINT WARNING * * *
The wight attacks as it pursues you! The wight hits you with a +0 hand axe.
You die...

#...# #...............
####...###...).########.#
#..........#.#.# #.#
#..........#.#.########.#
#........[...........##.#
####...#>......#####.##.#
#...#.#.....#####.##.#
#%...z#..[........##.#
####.@#.#.#.####..##.#
#..#.#.#.# #..##.#
#..#.#.#.# #.<##..
#..#.#.#.# #..###.
#..#.#.#.## #..# #.
#.........###..# #.
####.............###.
#.(..........##......
#.###.####.[.#######.


You could see a wight.

Vanquished Creatures
  Sigmund (D:4)
  An ogre (D:4)
  2 scorpions (D:4)
  A jelly (D:4)
  A hound (D:4)
  An iguana (D:4)
  5 adders
  A dart slug (D:1)
  4 orcs
  8 ball pythons
  8 bats
  6 endoplasms
  4 giant cockroaches
  8 goblins
  9 hobgoblins
  4 jackals (D:2)
  7 kobolds
  3 quokkas
  4 frilled lizards
  5 rats
83 creatures vanquished.

Vanquished Creatures (collateral kills)
  A sleepcap (D:4)
  A quokka (D:4)
  A kobold (D:3)
3 creatures vanquished.

Grand Total: 86 creatures vanquished

Notes
Turn   | Place    | Note
-------+----------+-------------------------------------------
     0 | D:1      | strifetoe the Djinni Hedge Wizard began the quest for the
                  | Orb.
     0 | D:1      | strifetoe set off with the following spells memorised:
                  | Magic Dart, Slow, Blink, Call Imp, Mephitic Cloud.
     0 | D:1      | Reached XP level 1. HP: 15/15 MP: 0/0
    93 | D:1      | Reached XP level 2. HP: 17/21 MP: 0/0
   205 | D:1      | You are sucked into a shaft and drop 1 floor!
   277 | D:2      | Reached XP level 3. HP: 19/25 MP: 0/0
   277 | D:2      | Learned a level 1 spell: Necrotise
   584 | D:2      | Reached skill level 1 in Fighting
   584 | D:2      | Reached XP level 4. HP: 23/32 MP: 0/0
  1826 | D:3      | Found Sisuureh's Jewellery Emporium.
  1847 | D:3      | Reached XP level 5. HP: 28/38 MP: 0/0
  1847 | D:3      | Learned a level 2 spell: Searing Ray
  1951 | D:3      | Found a large runed translucent door.
  1952 | D:3      | Found a large runed translucent door.
  2434 | D:4      | Reached XP level 6. HP: 20/43 MP: 0/0
  2574 | D:4      | Noticed an ogre
  2627 | D:4      | Found a runed translucent door.
  2792 | D:4      | Reached skill level 5 in Spellcasting
  2792 | D:4      | Reached skill level 5 in Conjurations
  2792 | D:4      | Reached skill level 5 in Hexes
  2792 | D:4      | Reached skill level 5 in Summonings
  2792 | D:4      | Reached skill level 5 in Necromancy
  2792 | D:4      | Reached skill level 5 in Translocations
  2792 | D:4      | Reached skill level 5 in Transmutations
  2792 | D:4      | Reached skill level 5 in Fire Magic
  2792 | D:4      | Reached skill level 5 in Ice Magic
  2792 | D:4      | Reached skill level 5 in Air Magic
  2792 | D:4      | Reached skill level 5 in Earth Magic
  2792 | D:4      | Reached skill level 5 in Poison Magic
  3080 | D:4      | Killed an ogre
  3081 | D:4      | Reached skill level 1 in Armour
  3081 | D:4      | Reached XP level 7. HP: 32/49 MP: 0/0
  3081 | D:4      | Learned a level 3 spell: Summon Guardian Golem
  3376 | D:4      | Noticed insertapun's ghost (amateur OpSh)
  3454 | D:3      | Found a sparkling altar of Nemelex Xobeh.
  3457 | D:3      | Found a glowing golden altar of the Shining One.
  3499 | D:4      | Noticed Sigmund
  3526 | D:4      | Killed Sigmund
  3605 | D:5      | Entered Level 5 of the Dungeon
  3619 | D:4      | Slain by a wight

Illustrated notes

Levels and vault maps discovered:
D:1:      giann_forest_graveyard, layout_loops_ring, st_stairs_7
D:2:      layout_rooms, dreamdust_wishing_well
D:3:      layout_rooms, jmf_multi_god_temple2, serial_shops,
          nicolae_shop_crystal
D:4:      layout_loops_ring, ebering_ghost_sewer_d, uniq_sigmund,
          uniq_crazy_yiuf_cottage
D:5:      layout_loops_corners, grunt_dithmenos_shadows,
          hangedman_abyss_or_decor_passed,
          serial_library_hellmonk_recessed_alcove, nicolae_tricolors, uniq_ijyb,
          uniq_grinder, uniq_edmund

Skill      XL: |  1  2  3  4  5  6  7 |
---------------+----------------------+-----
Spellcasting   | 3 4 5 |  5.0
Conjurations   | 3 4 5 |  5.0
Hexes          | 3 4 5 |  5.0
Summonings     | 3 4 5 |  5.0
Necromancy     | 3 4 5 |  5.0
Translocations | 3 4 5 |  5.0
Transmutations | 3 4 5 |  5.0
Fire Magic     | 3 4 5 |  5.0
Ice Magic      | 3 4 5 |  5.0
Air Magic      | 3 4 5 |  5.0
Earth Magic    | 3 4 5 |  5.0
Poison Magic   | 3 4 5 |  5.0
Stealth        | 2 |  2.3
Fighting       | 1 2 3 |  3.6
Armour         | 1 2 |  2.8
Dodging        | |  2.1

Action                     |  1- 3 |  4- 6 |  7- 9 || total
---------------------------+-------+-------+-------++-------
  Melee: Dagger            |     8 |    66 |     4 ||    78
   Cast: Magic Dart        |    60 |    78 |     8 ||   146
         Searing Ray       |       |    26 |     8 ||    34
         Call Imp          |       |     4 |     4 ||     8
         Mephitic Cloud    |       |     2 |     1 ||     3
         Summon Guardian G |       |       |     1 ||     1
    Use: Scroll            |       |     9 |       ||     9
   Stab: Sleeping          |       |     6 |       ||     6
 Armour: Robe              |    14 |    44 |    10 ||    68
  Dodge: Dodged            |    20 |    68 |     4 ||    92

Table legend: (Time is in decaauts)
 A = Elapsed time spent in this place.
 B = Non-inter-level travel time spent in this place.
 C = Inter-level travel time spent in this place.
 D = Time resting spent in this place.
 E = Time spent auto-exploring this place.
 F = Levels seen in this place.
 G = Mean time per level.
                   A        B        C        D        E       F      G
               +--------+--------+--------+--------+--------+-----+--------+
         Total |   3618 |   3397 |    221 |    500 |   2302 |   5 |  723.6 |
       Dungeon |   3618 |   3397 |    221 |    500 |   2302 |   5 |  723.6 |
               +--------+--------+--------+--------+--------+-----+--------+

Top non-repeatable levels by time:
     D:4: 1085 daAuts
     D:2: 935 daAuts
     D:1: 889 daAuts
     D:3: 697 daAuts
     D:5: 10 daAuts
